 Dungeon Crawl Stone Soup version 0.21.0-3-g78d12a8 (webtiles) character file.

1630 Ignatius881 the Cleaver (level 8, -8/71 HPs)
             Began as a Minotaur Berserker on Jan 10, 2018.
             Was an Elder of Trog.
             Killed from afar by an electric eel (11 damage)
             ... with a bolt of electricity
             ... on level 7 of the Dungeon.
             The game lasted 00:13:47 (6979 turns).

Ignatius881 the Cleaver (Minotaur Berserker)        Turns: 6979, Time: 00:13:47

Health: -8/71      AC:  6    Str: 23    XL:     8   Next: 65%
Magic:  7/7        EV: 13    Int:  4    God:    Trog [****..]
Gold:   297        SH:  0    Dex: 11    Spells: 7/7 levels left

rFire    + . .     SeeInvis .   G - +1 hand axe (flame)
rCold    + . .     Gourm    .   (no shield)
rNeg     . . .     Faith    .   t - +0 ring mail
rPois    .         Spirit   .   (helmet restricted)
rElec    .         Reflect  .   y - scarf {rC+ rF+}
rCorr    .         Harm     .   (no gloves)
MR       .....                  (no boots)
Stlth    ..........             (no amulet)
HPRegen  0.21/turn              (no ring)
MPRegen  0.10/turn              (no ring)

@: very slow
A: retaliatory headbutt, horns 2
a: Berserk, Trog's Hand, Brothers in Arms, Burn Spellbooks, Renounce Religion


You were on level 7 of the Dungeon.
You worshipped Trog.
Trog was greatly pleased with you.
You were very hungry.

You visited 1 branch of the dungeon, and saw 7 of its levels.

You collected 297 gold pieces.

Inventory:

Hand Weapons
 a - a +0 hand axe
 s - a +4 quarterstaff of chaos
   (You took it off Crazy Yiuf on level 2 of the Dungeon)
 B - a +0 mace of holy wrath
   (You took it off an orc on level 4 of the Dungeon)
 G - a +1 hand axe of flaming (weapon)
   (You found it on level 5 of the Dungeon)
Armour
 b - a +0 animal skin
 j - a +0 cloak
   (You took it off Crazy Yiuf on level 2 of the Dungeon)
 t - a +0 ring mail (worn)
   (You found it on level 3 of the Dungeon)
 y - a scarf of resistance (worn)
   (You found it on level 4 of the Dungeon)
 C - a +0 pair of gloves
   (You found it on level 5 of the Dungeon)
Jewellery
 r - a +4 ring of intelligence
   (You found it on level 2 of the Dungeon)
 A - a cursed ring of resist corrosion {unknown}
   (You found it on level 4 of the Dungeon)
 D - a +3 ring of evasion {unknown}
   (You found it on level 5 of the Dungeon)
Wands
 p - a wand of polymorph (33)
   (You found it on level 5 of the Dungeon)
Scrolls
 f - 6 scrolls of teleportation {@r4}
 h - a scroll of enchant armour {unknown}
 k - 3 scrolls of remove curse {unknown}
 l - 3 scrolls of immolation {unknown}
 o - a scroll of fear {unknown}
 q - a scroll of enchant weapon {unknown}
 x - 2 scrolls of random uselessness {unknown}
 E - a scroll of holy word {unknown}
 F - a scroll of magic mapping {unknown}
 I - a scroll of amnesia {unknown}
Potions
 c - 2 potions of lignification {!q}
 d - a potion of ambrosia {unknown}
 g - a potion of degeneration {unknown}
 i - 3 potions of heal wounds {unknown}
 m - a potion of agility {unknown}
 n - 2 potions of haste {@q3}
 u - a potion of magic
 v - a potion of brilliance
 w - a potion of berserk rage {unknown}
 H - a potion of curing {unknown}
Books
 z - a book of Frost
   (You found it on level 4 of the Dungeon)
Comestibles
 e - 11 rations


   Skills:
 + Level 6.9 Fighting
 * Level 9.1 Axes
 + Level 6.3 Armour
 + Level 5.8 Dodging


You had 7 spell levels left.
You didn't know any spells.

Dungeon Overview and Level Annotations

Branches:
Dungeon (7/15)             Temple (0/1) D:4

Altars:
Cheibriados
Fedhas
Makhleb
Sif Muna

Annotations:
D:3 exclusion: oklob plant


Innate Abilities, Weirdness & Mutations

You reflexively headbutt those who attack you in melee.
You have a pair of horns on your head.


Message History

You hit the quokka. You burn the quokka.
You kill the quokka!
Trog accepts your kill.
The electric eel shoots out a bolt of lightning at you!
The bolt of electricity hits you!
You hit the hound but do no damage. You headbutt the hound!
The hound bites you but does no damage.
You slash the hound! You burn the hound.
You kill the hound!
Trog accepts your kill.
You can now call in reinforcements.
The electric eel shoots out a bolt of lightning at you!
The bolt of electricity hits you!
* * * LOW HITPOINT WARNING * * *
You climb upwards.
There is a stone staircase leading down here.
You start resting.
You are feeling very hungry.
You start resting.
You climb downwards.
The electric eel shoots out a bolt of lightning at you!
The bolt of electricity hits you!
There is a stone staircase leading up, spattered with blood here.
The electric eel shoots out a bolt of lightning at you!
The bolt of electricity hits you! x2
You miss the electric eel. You hit the electric eel. You burn the electric eel.
The electric eel shoots out a bolt of lightning at you!
The bolt of electricity hits you! x2
* * * LOW HITPOINT WARNING * * *
Okay, then.
You enter the shallow water.
Moving in this stuff is going to be slow.
The electric eel shoots out a bolt of lightning at you!
The bolt of electricity hits you!
* * * LOW HITPOINT WARNING * * *
You hit the electric eel. You burn the electric eel.
Your unstable footing causes you to fumble your attack.
The electric eel shoots out a bolt of lightning at you!
The bolt of electricity hits you!
* * * LOW HITPOINT WARNING * * *
You barely miss the electric eel.
Unknown command.
Your unstable footing causes you to fumble your attack.
The electric eel shoots out a bolt of lightning at you!
The bolt of electricity hits you!
* * * LOW HITPOINT WARNING * * *
It was a potion of magic.
Magic courses through your body.
The electric eel shoots out a bolt of lightning at you!
The bolt of electricity hits you!
You die...

#. #. #.
######=#######
#.......<....##
#........†.#..#
#.....♣..♣.....#
#....P≈@.≈≈.≈≈..
###.P≈≈.;≈.≈≈.♣.
#..≈≈.≈≈≈≈♣≈.P
##.≈≈≈≈≈≈≈≈.≈♣
#..≈≈.≈≈≈≈P..
#....≈≈≈.≈≈P.
###..P...P...
###.###.#.


You could see an electric eel.

Vanquished Creatures
  The ghost of arkorax the Skirmisher, an amateur GrWn (D:3)
  A hungry ghost (D:6)
  A sky beast (D:5)
  4 ogres
  2 bullfrogs
  A howler monkey (D:6)
  A crimson imp (D:7)
  3 hounds
  2 orc priests
  2 centaur skeletons
  Crazy Yiuf (D:2)
  A jelly (D:5)
  Ijyb (D:5)
  An iguana (D:6)
  4 orc wizards
  A worker ant (D:4)
  A hound skeleton (D:4)
  A howler monkey zombie (D:6)
  11 adders
  An ooze (D:6)
  2 adder skeletons
  An adder zombie (D:5)
  A worm (D:4)
  6 dart slugs
  5 leopard geckos
  9 orcs
  4 bats (D:1)
  4 giant cockroaches
  9 goblins
  7 hobgoblins
  5 jackals
  2 quokkas
  9 frilled lizards
  3 kobolds
  A quokka skeleton (D:4)
  5 rats
114 creatures vanquished.

Vanquished Creatures (others)
  10 toadstools (D:3)
10 creatures vanquished.

Grand Total: 124 creatures vanquished

Notes
Turn   | Place    | Note
-------+----------+-------------------------------------------
     0 | D:1      | Ignatius881 the Minotaur Berserker began the quest for the Orb.
     0 | D:1      | Reached XP level 1. HP: 19/19 MP: 0/0
   256 | D:1      | Reached XP level 2. HP: 27/27 MP: 1/1
   275 | D:1      | Reached skill level 4 in Axes
   855 | D:1      | Reached XP level 3. HP: 32/33 MP: 2/2
  1186 | D:1      | Reached ** piety under Trog
  1658 | D:2      | Found a faded altar of an unknown god.
  2215 | D:2      | Reached XP level 4. HP: 35/40 MP: 3/3
  2226 | D:2      | Found a burning altar of Makhleb.
  2268 | D:2      | Found a blossoming altar of Fedhas.
  2373 | D:2      | Found a runed door.
  2501 | D:2      | Noticed Crazy Yiuf
  2506 | D:2      | Killed Crazy Yiuf
  2722 | D:3      | Reached skill level 5 in Axes
  3143 | D:3      | Found a blossoming altar of Fedhas.
  3151 | D:3      | Noticed arkorax's ghost (amateur GrWn)
  3170 | D:3      | Killed arkorax's ghost
  3170 | D:3      | Reached XP level 5. HP: 47/47 MP: 4/4
  3170 | D:3      | Reached XP level 6. HP: 55/55 MP: 5/5
  3259 | D:3      | Noticed an oklob plant
  3495 | D:3      | Found a deep blue altar of Sif Muna.
  3669 | D:4      | Reached skill level 6 in Axes
  3853 | D:4      | Reached skill level 5 in Fighting
  4012 | D:4      | Found a staircase to the Ecumenical Temple.
  4106 | D:4      | Reached XP level 7. HP: 34/61 MP: 6/6
  4346 | D:4      | Found a snail-covered altar of Cheibriados.
  4449 | D:4      | Reached skill level 7 in Axes
  4458 | D:4      | Reached *** piety under Trog
  4634 | D:5      | Entered Level 5 of the Dungeon
  4677 | D:5      | Reached skill level 5 in Armour
  5077 | D:5      | Noticed Ijyb
  5099 | D:5      | Killed Ijyb
  5292 | D:5      | Reached skill level 5 in Dodging
  5299 | D:5      | Reached XP level 8. HP: 27/70 MP: 7/7
  5640 | D:5      | Reached skill level 8 in Axes
  6111 | D:6      | Reached **** piety under Trog
  6769 | D:7      | Reached skill level 9 in Axes
  6978 | D:7      | HP: 3/71 [electric eel/bolt of electricity (14)]
  6979 | D:7      | Killed from afar by an electric eel

Skill      XL: |  1  2  3  4  5  6  7  8 |
---------------+-------------------------+-----
Axes           | 4 5 6 7 9 |  9.1
Fighting       | 4 5 6 |  6.9
Armour         | 3 4 5 6 |  6.3
Dodging        | 3 4 5 |  5.8

Action                   |  1- 3 |  4- 6 |  7- 9 || total
-------------------------+-------+-------+-------++-------
Melee: Hand axe          |   102 |    88 |   138 ||   328
       Headbutt          |    11 |    14 |    31 ||    56
       Unarmed           |       |       |     8 ||     8
Invok: Berserk           |     1 |     1 |     1 ||     3
  Use: Scroll            |     2 |     4 |     1 ||     7
       Potion            |       |       |     1 ||     1
  Eat: Chunk             |     5 |     7 |     7 ||    19
       Ration            |       |       |     1 ||     1
Armor: Animal skin       |    11 |     1 |       ||    12
       Ring mail         |       |    19 |    29 ||    48
       Skin              |       |       |     5 ||     5
Dodge: Dodged            |    56 |    42 |    80 ||   178
